← All builds
Suicide front / Armada / Factory first / OBSERVED BUILD

Standard suicide front

Armada Suicide front build order · Supreme Isthmus

The role's baseline: Bot Lab at 0:21 then straight into reclaim-fed T1 bot production to contest the middle and hold until T2 arrives, with an Advanced Metal Extractor around 9:45.

#rush · 2043 distinct matches · 235 players · 72% of Armada Suicide front games · team won 59% of 2421 · Recently observed

HOW TO PLAY IT

Key timing: Bot Lab by 0:20

  1. Open with mex and lab-first to get Bot Lab up by 0:20.
  2. Expand mex and wind while lab pumps units toward middle.
  3. Push Sentry and early Rocketeer, Centurion to contest middle.
  4. Get T2 constructor out once Pond's boost lets you spare metal.
  5. Upgrade mex to Advanced Metal Extractor as you transition off T1 spam.

Phase by phase

TYPICAL OF ITS 2043 GAMES
  1. 1
  2. 2
  3. 3
PLAY THE OPENING

Follow the example game's first 6:00 step by step: what to build now, what comes next, and where it goes. At 1× it keeps pace with your own game.

  1. 1

    Bot Lab first

    Order
    1. Bot LabBot Lab done ~0:25, middle half 0:20–0:33

    Some games also: mex (44%)

  2. 2

    Bot Lab to 5:00

    Economy
    • Metal Extractor5Mex
    • Wind Turbine4Wind
    Builders
    • Construction Bot3 Con bot
    • Lazarus2 Lazarus
    Army
    • Sentry4 Sentry
    • Rocketeer16 Rocketeer
    • Tick2 Tick
    • Centurion1 Centurion
    Other
    • Radar Tower1 Radar Tower

    Some games also: pawn (37%) · con turret (34%)

    By 5:00 in all: 5 mex · 4 wind

    The example game in this phase · 35 steps
    1. Mex
    2. TickTick ×2
    3. Wind
    4. TickTick
    5. Mex
    6. Construction BotCon bot ×2
    7. Mex
    8. SentrySentry
    9. LazarusLazarus
    10. Construction BotCon bot
    11. Mex
    12. CenturionCenturion
    13. RocketeerRocketeer
    14. Mex
    15. RocketeerRocketeer ×3
    16. SentrySentry
    17. RocketeerRocketeer
    18. SentrySentry
    19. RocketeerRocketeer
    20. SentrySentry
    21. RocketeerRocketeer ×4
    22. LazarusLazarus
    23. Construction BotCon bot
    24. Radar TowerRadar Tower
    25. Construction BotCon bot
    26. SentrySentry
    27. Construction BotCon bot ×2
    28. RocketeerRocketeer ×3
    29. Con turret
    30. RocketeerRocketeer ×2
    31. LazarusLazarus
    32. Mex
    33. Construction BotCon bot
    34. RocketeerRocketeer ×4
    35. Construction BotCon bot
  3. 3

    5:00 to 10:00

    Economy
    • Metal Extractor1Mex
    • Wind Turbine15Wind
    Builders
    • Construction Turret2 Con turret
    • Lazarus2 Lazarus
    • Construction Bot1 Con bot
    Army
    • Sentry1 Sentry
    • Rocketeer8 Rocketeer

    Some games also: pawn (49%) · Radar Tower (46%) · tick (45%) · centurion (44%) · energy storage (42%) · eat Bot Lab (31%)

    By 10:00 in all: 6 mex · 21 wind · 1 energy storage · 2 con turret

    The example game in this phase · 180 steps
    1. NettleNettle
    2. LazarusLazarus
    3. PawnPawn ×2
    4. Con turret
    5. PawnPawn ×3
    6. OverwatchOverwatch
    7. PawnPawn ×2
    8. Wind
    9. PawnPawn
    10. Wind
    11. Dragon's TeethDragon's Teeth ×3
    12. PawnPawn
    13. GauntletGauntletdone 6:47
    14. Wind
    15. PawnPawn
    16. Dragon's TeethDragon's Teeth ×5
    17. Con turret
    18. Wind
    19. Dragon's TeethDragon's Teeth ×2
    20. PawnPawn
    21. Dragon's TeethDragon's Teeth
    22. Wind
    23. Dragon's TeethDragon's Teeth ×2
    24. Sneaky PeteSneaky Pete
    25. Wind
    26. PawnPawn
    27. NettleNettle
    28. Construction BotCon bot
    29. NettleNettle
    30. Mex
    31. Wind
    32. Advanced solar
    33. Construction BotCon bot
    34. Energy storage
    35. Wind
    36. Advanced solar
    37. Radar TowerRadar Tower
    38. Advanced solar
    39. Mex
    40. Construction BotCon bot
    41. Radar TowerRadar Tower
    42. Wind
    43. Advanced solar
    44. Mex
    45. Wind
    46. Energy storage
    47. Construction BotCon bot
    48. Wind
    49. Construction BotCon bot
    50. Wind
    51. Con turret
    52. Advanced Metal ExtractorT2 mexdone 9:44 · typical 9:46
    53. BeamerBeamer
    54. Wind ×2
    55. Advanced Metal ExtractorT2 mex
    56. Wind
    57. Construction BotCon bot
    58. Con turret
    59. Wind
    60. Con turret
    61. Wind
    62. Advanced Metal ExtractorT2 mex
    63. BeamerBeamer
    64. Wind
    65. Con turret
    66. Construction BotCon bot
    67. Wind
    68. Advanced Metal ExtractorT2 mex
    69. CenturionCenturion
    70. Advanced Metal ExtractorT2 mex
    71. Wind
    72. VeilVeil
    73. Wind ×2
    74. CenturionCenturion
    75. Energy storage
    76. Wind
    77. RattlesnakeRattlesnakedone 11:53
    78. VeilVeil
    79. Wind
    80. CenturionCenturion
    81. Con turret
    82. Wind
    83. CenturionCenturion
    84. Fortification WallFortification Wall
    85. CenturionCenturion
    86. Wind ×2
    87. LazarusLazarus
    88. Fortification WallFortification Wall
    89. Construction BotCon bot
    90. Fortification WallFortification Wall
    91. Wind
    92. Fortification WallFortification Wall
    93. CenturionCenturion
    94. Fortification WallFortification Wall
    95. Bot LabBot Labdone 12:09
    96. Wind
    97. CenturionCenturion
    98. Wind ×2
    99. LazarusLazarus
    100. CenturionCenturion
    101. Wind
    102. Converter
    103. MercuryMercurydone 12:59
    104. CenturionCenturion
    105. Wind
    106. CenturionCenturion
    107. TracerTracer
    108. Wind
    109. Converter ×2
    110. CenturionCenturion
    111. Wind
    112. Converter
    113. Bot LabEat Bot Labreclaimed for its metal
    114. Wind
    115. Bot LabEat Bot Labreclaimed for its metal
    116. Wind
    117. Converter
    118. Wind
    119. Converter
    120. Wind
    121. Vehicle PlantVehicle Plantdone 13:42
    122. Fusion ReactorFusionnot finished by 15:00
    123. Bot LabBot Labdone 13:46
    124. Wind
    125. RoverScout
    126. Converter
    127. StoutStout
    128. LazarusLazarus
    129. Wind
    130. StoutStout
    131. PawnPawn
    132. Bot LabBot Labdone 14:22
    133. Con turret ×2
    134. StoutStout
    135. PawnPawn
    136. Converter
    137. PawnPawn
    138. StoutStout
    139. Wind
    140. StoutStout
    141. PawnPawn
    142. Converter
    143. PawnPawn
    144. RoverScout
    145. Con turret
    146. StoutStout
    147. TickTick ×2
    148. StoutStout
    149. LazarusLazarus
    150. Converter
    151. StoutStout
    152. PawnPawn
    153. LazarusLazarus
    154. StoutStout
    155. PawnPawn
    156. TickTick ×2
    157. StoutStout
    158. PawnPawn
    159. Converter
    160. TickTick
    161. PawnPawn ×2
    162. RoverScout
    163. PawnPawn ×2
    164. StoutStout
    165. PawnPawn
    166. TickTick
    167. Converter
    168. PawnPawn
    169. TickTick
    170. PawnPawn
    171. StoutStout
    172. LazarusLazarus
    173. Con turret
    174. PawnPawn
    175. StoutStout
    176. PawnPawn
    177. Converter
    178. PawnPawn ×2
    179. StoutStout
    180. PawnPawn ×2

Counts are medians over the build's games: half of them build more, half fewer. The example game is TheGeneraI's (34 OS, 13/10/2026); pick another.

Team trades

IN AT LEAST 30% OF ITS GAMES

You hand over

Nothing regular.

You get

  • Tidal Generator4 Tidal from Pondfirst at 0:11 · in 68% of games
  • Advanced Construction Bot1 T2 con bot from Geo or Techfirst at 7:41 · in 57% of games

How it plays out

Typical game of this build, running totals by minute

Metal produced

010k20k
0:005:0010:0015:00

metal

Enemy metal destroyed

05k10k
0:005:0010:0015:00

metal

Own metal lost

05k10k
0:005:0010:0015:00

metal

2421 games.

Show as table
ByMetal produced: This buildEnemy metal destroyed: This buildOwn metal lost: This build
1:0023000
2:0088600
3:002007184130
4:003108642501
5:0041841348997
6:00534921851706
7:00653930602588
8:00775739393500
9:00903347044382
10:001040053145148
11:001188458575955
12:001357264066673
13:001539468757437
14:001729075038209
15:001925781168981
WHAT THE NUMBERS SAY

Standard Suicide front play wins a bit over half its games while taking the heaviest own losses of any role by 15:00.

  • + Produces 20142 metal by 15:00, highest of the front roles.
  • + First kill by 2:01 in all games, fastest contest of middle.
  • − Own metal lost hits 9178 by 15:00, more than enemy metal destroyed.
  • − Only 34% Rocketeer share shows army spread thin across many bot types.
THE EXAMPLE YOU ARE READING

TheGeneraI

33.6 OS · 13/10/2026

Open source match ↗

6 received units · includes a constructor
138 metal received · 107202 energy received

Allied construction assistance is unknown. Timings are observations, not a promise of solo reproducibility.

Typical milestones

Bot Lab0:25Middle 50%: 0:20–0:33 · n=2413
Advanced Metal Extractor9:46Middle 50%: 8:50–10:59 · n=1749

Played most by

_X_264games of this buildPlatinumBlonde188games of this buildXad165games of this buildTrapCaT109games of this buildImmort80games of this build
Standard suicide front · Armada Suicide front build order · BAR Build Atlas